 Dungeon Crawl Stone Soup version 0.20-a0-551-gc8f91ca (webtiles) character file.

389 Lahna the Magician (level 6, -2/32 HPs)
             Began as a Deep Elf Conjurer on Feb 3, 2017.
             Was an Initiate of Vehumet.
             Killed from afar by dricus's ghost (13 damage)
             ... with a spray of energy
             ... on level 4 of the Dungeon.
             The game lasted 00:08:30 (3345 turns).

Lahna the Magician (Deep Elf Conjurer)              Turns: 3345, Time: 00:08:31

Health: -2/32      AC:  4    Str:  5    XL:     6   Next: 50%
Magic:  23/26      EV: 13    Int: 24    God:    Vehumet [......]
Gold:   249        SH:  0    Dex: 15    Spells: 4/18 levels left

rFire    . . .     SeeInvis .   s - +0 quarterstaff
rCold    . . .     Gourm    .   a - +0 robe
rNeg     . . .     Faith    .   (shield currently unavailable)
rPois    .         Spirit   .   n - +0 helmet
rElec    .         Reflect  .   (no cloak)
rCorr    .         Harm     .   x - +0 pair of gloves
MR       .....                  (no boots)
Stlth    +.........             (no amulet)
Regen    0.1/turn               y - ring of magical power
                                m - +2 ring of intelligence

@: confused
A: no striking features
a: Renounce Religion


You were on level 4 of the Dungeon.
You worshipped Vehumet.
Vehumet was noncommittal.
You were not hungry.

You visited 1 branch of the dungeon, and saw 4 of its levels.

You collected 249 gold pieces.

Inventory:

Hand Weapons
 s - a +0 quarterstaff (weapon)
Armour
 a - a +0 robe (worn)
 n - a +0 helmet (worn)
 x - a +0 pair of gloves (worn)
Jewellery
 m - a +2 ring of intelligence (left hand)
 y - a ring of magical power (right hand)
 B - an uncursed amulet of harm {unknown}
Wands
 v - a wand of paralysis (9/24)
 C - a wand of flame (12/48)
Scrolls
 e - 2 scrolls of amnesia {unknown}
 h - 5 scrolls of teleportation {unknown}
 l - 6 scrolls of identify {unknown}
 o - 3 scrolls of remove curse {unknown}
 p - a scroll of random uselessness {unknown}
 q - 2 scrolls of recharging {unknown}
 t - 3 scrolls of magic mapping {unknown}
Potions
 d - 2 potions of cancellation {unknown}
 g - 4 potions of resistance {unknown}
 i - a potion of invisibility {unknown}
 j - 2 potions of ambrosia {unknown}
 r - a potion of berserk rage {unknown}
 u - a potion of beneficial mutation {unknown}
 z - a potion of flight {unknown}
Books
 b - a book of Conjurations

   Spells                             Type                      Level
   a - Magic Dart                     Conjuration                  1
   b - Searing Ray                    Conjuration                  2
   c - Dazzling Spray                 Conjuration/Hexes            3
   d - Fulminant Prism                Conjuration/Hexes            4
   e - Iskenderun's Mystic Blast      Conjuration                  4
   f - Iskenderun's Battlesphere      Conjuration/Charms           5
Comestibles
 c - 7 bread rations
 f - a royal jelly
 k - 3 fruits
 w - a meat ration
 A - 3 chunks of flesh


   Skills:
 + Level 3.1 Dodging
 + Level 3.4 Stealth
 + Level 6.6 Spellcasting
 + Level 6.4 Conjurations


You had 4 spell levels left.
You knew the following spells:

 Your Spells              Type           Power        Failure   Level  Hunger
a - Magic Dart            Conj           ####         1%          1    None
b - Searing Ray           Conj           #####.       1%          2    None
c - Dazzling Spray        Conj/Hex       ###...       10%         3    None
d - Fulminant Prism       Conj/Hex       ###.......   24%         4    ###....
e - Iskenderun's Mystic   Conj           #####...     6%          4    ###....


Dungeon Overview and Level Annotations

Branches:
Dungeon (4/15)
 Temple: D:4-7

Altars:
Ashenzari
Vehumet
Zin

Annotations:
D:4 dricus's ghost, amateur DECj


Message History

Dricus's ghost casts a spell at you. The magic dart hits you!
Casting: Magic Dart
Confirm with . or Enter, or press ? or * to list all spells.
Aiming: Magic Dart
Press: ? - help, Shift-Dir - straight line, f/p - dricus's ghost
Aim: dricus's ghost, wielding a weapon of speed (moderately damaged)
The magic dart hits dricus's ghost.
Dricus's ghost is heavily damaged.
Dricus's ghost gestures at you while chanting.
The spray of energy hits you!
* * * LOW HITPOINT WARNING * * *
You are confused.
You're too confused to cast spells.
You're too confused!
Unknown command.
Dricus's ghost lets out a mournful wail.
Dricus's ghost points at you and mumbles some strange words.
The spray of energy hits you!
You die...

..###.####......
......#<...#.#.###
.............#...#
.....?.........#.######
.....##.######.#.#....#
.....#.......#.#.#....####
...............#.#....##..
............<)...'........
..#..#..@#...#...#...##...
# #......#...#...#...##...
##.....##..#.#.#(..##...
#.$.......#.#.######.#.
#......................
#....W......#.######.#.
#...#.........[........
......#######..#####.##
......................#


You could see dricus's ghost.

Vanquished Creatures
  An ogre (D:4)
  The ghost of Vesto the Shield-Bearer, an amateur HuFi of Okawaru (D:3)
  A hound (D:4)
  A worker ant (D:4)
  6 adders
  3 oozes
  3 worms
  2 dart slugs (D:1)
  6 leopard geckos
  5 orcs
  2 ball pythons
  5 giant cockroaches
  8 goblins
  2 hobgoblins (D:2)
  4 jackals
  8 kobolds
  A quokka (D:3)
  6 bats
  9 frilled lizards
  11 rats
85 creatures vanquished.

Notes
Turn   | Place    | Note
-------+----------+-------------------------------------------
     0 | D:1      | Lahna the Deep Elf Conjurer began the quest for the Orb.
     0 | D:1      | Reached XP level 1. HP: 10/10 MP: 6/6
    89 | D:1      | Reached XP level 2. HP: 15/15 MP: 1/8
   253 | D:1      | Learned a level 2 spell: Searing Ray
   950 | D:1      | Reached XP level 3. HP: 19/19 MP: 8/10
   962 | D:1      | Learned a level 3 spell: Dazzling Spray
  1057 | D:2      | Reached skill level 5 in Conjurations
  1067 | D:2      | Found a shattered altar of Ashenzari.
  1383 | D:2      | Reached XP level 4. HP: 24/24 MP: 7/12
  1716 | D:2      | Found a glowing silver altar of Zin.
  1913 | D:3      | Reached skill level 5 in Spellcasting
  2041 | D:3      | Noticed Vesto's ghost (amateur HuFi)
  2270 | D:3      | Killed Vesto's ghost
  2270 | D:3      | Reached XP level 5. HP: 7/28 MP: 3/15
  2696 | D:3      | Learned a level 4 spell: Fulminant Prism
  2703 | D:3      | Learned a level 4 spell: Iskenderun's Mystic Blast
  2901 | D:4      | Reached XP level 6. HP: 32/32 MP: 11/17
  3193 | D:4      | Found a radiant altar of Vehumet.
  3208 | D:4      | Became a worshipper of Vehumet
  3340 | D:4      | Noticed dricus's ghost (amateur DECj)
  3345 | D:4      | Killed from afar by dricus's ghost

Vault maps used:
D:1:      kennysheep_arrival_forest
D:2:      marbit_many_paths, first_bread, evilmike_ruin_ashenzari
D:3:      minmay_close_crescents
D:4:      vehumet_altar_wand_db, serial_shops, nicolae_shop_crystal,
          lemuel_old_faithful

Skill      XL: |  1  2  3  4  5  6 |
---------------+-------------------+-----
Spellcasting   | 4 5 6 |  6.6
Conjurations   | 5 6 |  6.4
Dodging        | 3 |  3.1
Stealth        | 3 |  3.4

Action                   |  1- 3 |  4- 6 || total
-------------------------+-------+-------++-------
Melee: Unarmed           |     3 |       ||     3
       Dagger            |    36 |       ||    36
       Quarterstaff      |     1 |     9 ||    10
 Cast: Magic Dart        |    57 |   108 ||   165
       Searing Ray       |       |     3 ||     3
       Iskenderun's Myst |       |     1 ||     1
 Stab: Sleeping          |     1 |       ||     1
  Eat: Chunk             |     1 |     6 ||     7
Armor: Robe              |     7 |     9 ||    16
Dodge: Dodged            |    36 |    34 ||    70
